 Dungeon Crawl Stone Soup version 0.23-a0-636-g0ff605794f (webtiles) character file.

8379 LLavrengius the Fighter (level 11, -1/80 HPs)
             Began as an Octopode Transmuter on Dec 28, 2018.
             Was a Priest of Makhleb.
             Slain by a bullfrog (9 damage)
             ... on level 11 of the Dungeon.
             The game lasted 00:50:25 (14200 turns).

LLavrengius the Fighter (Octopode Transmuter)      Turns: 14200, Time: 00:50:26

Health: -1/80      AC:  2    Str:  9    XL:     11   Next: 29%
Magic:  19/19      EV: 15    Int: 19    God:    Makhleb [***...]
Gold:   83         SH:  7    Dex: 13    Spells: 3/21 levels left

rFire    . . .     SeeInvis .   t - +9 whip of Conservatism {venom, +Rage}
rCold    + . .     Gourm    .   p - +2 buckler
rNeg     + . .     Faith    .   (helmet restricted)
rPois    +         Spirit   .   (no amulet)
rElec    .         Reflect  .   B - +1 ring of protection
rCorr    .         Harm     .   y - ring of positive energy
MR       .....                  K - ring of Aqyhot {rPois rC+}
Stlth    +++.......             (no ring)
HPRegen  0.23/turn              (no ring)
MPRegen  0.16/turn              (no ring)
                                (no ring)
                                (no ring)

@: about to teleport
A: almost no armour, stealthy swim, amphibious, 8 rings, constrict 8, camouflage
1, gelatinous body 1
a: Minor Destruction, Lesser Servant of Makhleb, Renounce Religion, Evoke
Berserk Rage


You were on level 11 of the Dungeon.
You worshipped Makhleb.
Makhleb was most pleased with you.
You were hungry.

You visited 2 branches of the dungeon, and saw 12 of its levels.

You collected 721 gold pieces.
You spent 638 gold pieces at shops.

Inventory:

Hand Weapons
 b - the cursed +2 quarterstaff of the Firefly {flame, Str+4 Int+6}
   (You found it on level 7 of the Dungeon)

   It has been specially enchanted to burn those struck by it, causing extra
   injury to most foes and up to half again as much damage against particularly
   susceptible opponents.
   It affects your strength (+4).
   It affects your intelligence (+6).
   It has a curse placed upon it.
 h - a +3 trident
 t - the +9 whip of Conservatism (weapon) {venom, +Rage}
   (You found it on level 4 of the Dungeon)

   It poisons the flesh of those it strikes.
   It lets you go berserk.
 u - a +2 dagger of venom
 v - a +2 trident of venom
 z - a +4 scimitar of freezing
 G - a +0 short sword of holy wrath
Missiles
 a - 91 arrows
 j - 446 stones
 I - 7 silver tomahawks (quivered)
 L - 6 throwing nets
Armour
 p - a +2 buckler (worn)
 x - a +0 buckler of positive energy
Jewellery
 y - a ring of positive energy (right tentacle)
 B - a +1 ring of protection (left tentacle)
 K - the ring of Aqyhot (on tentacle) {rPois rC+}
   (You bought it in a shop on level 4 of the Dungeon)

   [ring of poison resistance]

   It protects you from cold.
   It protects you from poison.
Wands
 m - a wand of enslavement (9)
 A - a wand of flame (11)
 H - a wand of iceblast (7)
Scrolls
 d - a scroll of blinking {unknown}
 e - 3 scrolls of teleportation
 f - 2 scrolls of fear
 g - a scroll of brand weapon {unknown}
 k - a scroll of enchant armour {unknown}
 l - 4 scrolls of remove curse
 n - 5 scrolls of identify
 r - a scroll of enchant weapon {unknown}
 C - a scroll of magic mapping {unknown}
 E - a scroll of random uselessness {unknown}
Potions
 i - 3 potions of curing
 o - 2 potions of lignification {unknown}
 q - 3 potions of flight {unknown}
 s - a potion of magic {unknown}
 w - 2 potions of invisibility {unknown}
 D - a potion of brilliance {unknown}
 F - a potion of heal wounds
 J - 2 potions of agility
Comestibles
 c - 16 rations


   Skills:
 + Level 9.0 Fighting
 - Level 4.1 Short Blades
 + Level 5.2 Dodging
 - Level 4.0 Stealth
 - Level 4.0 Shields
 + Level 4.5 Unarmed Combat
 - Level 5.7 Spellcasting
 - Level 8.1 Transmutations
 + Level 5.6 Ice Magic
 - Level 3.0 Poison Magic


You had 3 spell levels left.
You knew the following spells:

 Your Spells              Type           Power        Failure   Level  Hunger
a - Beastly Appendage     Tmut           #####.       1%          1    None
b - Sticks to Snakes      Tmut           #####...     1%          2    None
c - Spider Form           Tmut/Pois      ####......   3%          3    ##.....
d - Ozocubu's Armour      Chrm/Ice       ###.....     11%         3    ##.....
e - Ice Form              Ice/Tmut       ####....     7%          4    ####...
f - Poisonous Vapours     Pois/Air       ##....       10%         2    None
g - Mephitic Cloud        Conj/Pois/Air  #.......     22%         3    ##.....

Your spell library contained the following spells:

 Spells                   Type           Power        Failure   Level  Hunger
 Freeze                   Ice            ####         1%          1    None
 Throw Frost              Conj/Ice       ###...       5%          2    None
 Conjure Flame            Conj/Fire      #.......     34%         3    ##.....
 Blade Hands              Tmut           #####.....   12%         5    #####..
 Summon Ice Beast         Ice/Summ       ###.....     36%         4    ####...
 Throw Icicle             Conj/Ice       ###.....     36%         4    ####...
 Freezing Cloud           Conj/Ice/Air   ##........   100%        6    #######
 Ring of Flames           Chrm/Fire      #.........   100%        7    #######


Dungeon Overview and Level Annotations

Branches:
Dungeon (11/15)            Temple (1/1) D:4            Lair (0/6) D:8
    Orc: D:9-12

Altars:
Ashenzari
Cheibriados
Dithmenos
Elyvilon
Fedhas
Gozag
Hepliaklqana
Kikubaaqudgha
Makhleb
Nemelex Xobeh
Okawaru
Qazlal
Ru
Sif Muna
Trog
Uskayaw
Vehumet
Wu Jian
Xom
Yredelemnul
Zin
The Shining One

Shops:
D:4 *!*(=   D:9 *   D:10 [(}%%


Innate Abilities, Weirdness & Mutations

You cannot wear most types of armour.
You are very stealthy in the water. (Stealth+)
You are amphibious.
You can wear up to eight rings at the same time.
You can use your tentacles to constrict eight enemies at once.
Your skin changes colour to match your surroundings (Stealth+).
Your rubbery body absorbs attacks. (AC +1, EV +1)


Message History

Something barely misses you. You block the crocodile's attack.
You hit the crocodile.
The crocodile is lightly wounded.
Something hits you. You block the crocodile's attack.
You barely miss the crocodile. You squeeze the crocodile.
The crocodile is moderately wounded.
Something hits you. The crocodile bites you!!
Something hits you but does no damage. The crocodile misses you.
You are too injured to fight recklessly!
You miss something. You tentacle-slap something. Your squeeze misses something.
Something hits you!
* * * LOW HITPOINT WARNING * * *
You block the bullfrog's attack. The crocodile closely misses you.
The bullfrog barely misses you.
Unknown command.
As you read the scroll of teleportation, it crumbles to dust.
You feel strangely unstable. Something hits you!
* * * LOW HITPOINT WARNING * * *
The bullfrog hits you!
You die...

$.§§..###.###.#.#
$.§§§...#...#.#.#
$(§§§...###.#.#.#
.######.......#.#
##'########
#.....#
######'####
#......{...#
.......{@..#
.......Ft..#
..?........#
...........#
...........#
...........#
..........#
..........#


You could see a crocodile and a bullfrog.

Vanquished Creatures
  Harold (D:10)
  3 two-headed ogres
  An unseen horror (D:10)
  A merfolk (D:10)
  A hippogriff (D:7)
  6 yaks (D:9)
  A wyvern (D:8)
  Menkaure (D:6)
  A hungry ghost (D:7)
  3 orc warriors
  4 ice beasts
  A hornet zombie (D:10)
  A sky beast (D:5)
  A centaur (D:6)
  An ogre (D:4)
  A phantom (D:10)
  A crocodile (D:9)
  A big kobold (D:10)
  Blork the orc (D:6)
  2 gnoll sergeants
  6 bullfrogs
  A water moccasin skeleton (D:7)
  A scorpion (D:6)
  9 wights
  A howler monkey (D:9)
  3 hounds
  A jelly (D:5)
  9 orc wizards
  2 bullfrog zombies
  A gnoll shaman (D:8)
  A bullfrog skeleton (D:8)
  7 orc priests
  4 iguanas
  7 worker ants
  A hound zombie (D:10)
  A worker ant zombie (D:9)
  A howler monkey skeleton (D:5)
  16 adders
  15 gnolls
  3 shadow imps
  A worm (D:3)
  A dart slug (D:3)
  2 leopard geckos
  22 orcs
  2 ball pythons (D:4)
  4 giant cockroaches
  4 goblins
  11 hobgoblins
  8 kobolds
  4 quokkas
  10 bats
  2 frilled lizards
  A leopard gecko zombie (D:9)
  A quokka skeleton (D:10)
  A quokka zombie (D:5)
  6 rats
203 creatures vanquished.

Vanquished Creatures (others)
  A bullfrog skeleton (D:11)
1 creature vanquished.

Grand Total: 204 creatures vanquished

Notes
Turn   | Place    | Note
-------+----------+-------------------------------------------
     0 | D:1      | LLavrengius the Octopode Transmuter began the quest for the
                  | Orb.
     0 | D:1      | Reached XP level 1. HP: 13/13 MP: 3/3
    43 | D:1      | Reached skill level 1 in Stealth
   291 | D:1      | Reached XP level 2. HP: 14/18 MP: 5/5
   302 | D:1      | Learned a level 2 spell: Sticks to Snakes
   636 | D:1      | Reached XP level 3. HP: 23/23 MP: 6/6
   663 | D:1      | Learned a level 3 spell: Spider Form
  1477 | D:2      | Reached skill level 1 in Poison Magic
  1638 | D:2      | Reached XP level 4. HP: 28/28 MP: 5/7
  3048 | D:3      | Reached XP level 5. HP: 13/33 MP: 1/8
  3340 | D:3      | Reached skill level 2 in Fighting
  3525 | D:3      | Found an ancient bone altar of Kikubaaqudgha.
  3648 | D:3      | Reached skill level 1 in Short Blades
  3648 | D:3      | Reached skill level 1 in Shields
  3715 | D:3      | Reached XP level 6. HP: 34/39 MP: 9/9
  3743 | D:3      | Found a glowing golden altar of the Shining One.
  3987 | D:4      | Found a staircase to the Ecumenical Temple.
  3996 | Temple   | Entered the Ecumenical Temple
  4209 | Temple   | Became a worshipper of Makhleb the Destroyer
  4250 | D:4      | Got an iridescent whip
  4278 | D:4      | Noticed a phantom
  4354 | D:4      | Found a glowing silver altar of Zin.
  4392 | Temple   | HP: 1/41 [phantom (8)]
  4734 | D:4      | Found Cupu's Distillery.
  4748 | D:4      | Found Kuiloe's General Store.
  4796 | D:4      | Bought 2 potions of heal wounds for 110 gold pieces
  4796 | D:4      | Bought a potion of agility for 44 gold pieces
  4796 | D:4      | Bought a potion of berserk rage for 55 gold pieces
  4820 | D:4      | Found Jaimpeasm's Weapon Emporium.
  4827 | D:4      | Found Avugiew's Jewellery Emporium.
  4852 | D:4      | Bought a cursed amulet of inaccuracy for 22 gold pieces
  4852 | D:4      | Bought a +1 ring of protection for 33 gold pieces
  4922 | D:4      | Found Atwiz's Assorted Antiques.
  5217 | D:5      | Entered Level 5 of the Dungeon
  5403 | D:5      | Reached skill level 3 in Fighting
  5899 | D:5      | Reached XP level 7. HP: 42/46 MP: 10/10
  6105 | D:5      | Learned a level 3 spell: Ozocubu's Armour
  6199 | D:6      | Noticed Menkaure
  6225 | D:5      | Reached skill level 1 in Ice Magic
  6704 | D:6      | Found a bloodstained altar of Trog.
  6704 | D:6      | Found an ornate altar of the Wu Jian Council.
  6710 | D:6      | Found a faded altar of an unknown god.
  6712 | D:6      | Found a radiant altar of Vehumet.
  6714 | D:6      | Found a faded altar of an unknown god.
  6767 | D:6      | Found a shattered altar of Ashenzari.
  6774 | D:6      | Reached skill level 4 in Fighting
  6793 | D:6      | Reached * piety under Makhleb
  6846 | D:6      | Reached XP level 8. HP: 35/54 MP: 11/11
  7108 | D:7      | Got a bloodstained quarterstaff
  7109 | D:7      | Identified the +9 whip of Conservatism {venom, +Rage} (You
                  | found it on level 4 of the Dungeon)
  7110 | D:7      | Identified the cursed +2 quarterstaff of the Firefly
                  | {flame, Str+4 Int+6} (You found it on level 7 of the
                  | Dungeon)
  7416 | D:7      | Reached skill level 5 in Fighting
  7702 | D:7      | Reached XP level 9. HP: 32/61 MP: 13/13
  7868 | D:7      | Found an opulent altar of Gozag.
  8214 | D:7      | HP: 2/91 [hippogriff (4)]
  8727 | D:8      | Reached skill level 6 in Fighting
  9009 | D:8      | Noticed a two-headed ogre
  9054 | D:8      | Killed a two-headed ogre
  9054 | D:8      | Reached skill level 5 in Transmutations
  9054 | D:8      | Reached skill level 5 in Ice Magic
  9244 | D:8      | Reached ** piety under Makhleb
  9360 | D:8      | Noticed a two-headed ogre
  9379 | D:8      | Killed a two-headed ogre
  9379 | D:8      | Reached skill level 7 in Fighting
  9379 | D:8      | Reached skill level 5 in Spellcasting
  9379 | D:8      | Reached XP level 10. HP: 42/71 MP: 6/18
 10179 | D:8      | Found a staircase to the Lair.
 10419 | D:8      | Learned a level 4 spell: Ice Form
 10978 | D:6      | Noticed Blork the orc
 11289 | D:6      | Killed Blork the orc
 11302 | D:6      | Reached *** piety under Makhleb
 11518 | D:6      | Killed Menkaure
 11690 | D:9      | Found Awikh's Assorted Antiques.
 11836 | D:9      | Reached skill level 8 in Fighting
 12130 | D:9      | Learned a level 2 spell: Poisonous Vapours
 12134 | D:9      | Learned a level 3 spell: Mephitic Cloud
 12568 | D:10     | Entered Level 10 of the Dungeon
 12789 | D:4      | Bought the ring of Aqyhot {rPois rC+} for 374 gold pieces
 12926 | D:10     | Found Sakkaf's Armour Shoppe.
 12950 | D:10     | Noticed Harold
 12960 | D:10     | Killed Harold
 12960 | D:10     | Reached XP level 11. HP: 56/78 MP: 19/19
 13086 | D:10     | Found Ziqoibrao's Antique Weapon Boutique.
 13191 | D:10     | Found Pacutune's Gadget Emporium.
 13215 | D:10     | Killed an unseen horror
 13766 | D:10     | Found Ecwoghir's Food Boutique.
 13783 | D:10     | Found Leuloah's Food Emporium.
 13838 | D:10     | Reached skill level 5 in Dodging
 13961 | D:10     | Noticed a two-headed ogre
 13997 | D:10     | Killed a two-headed ogre
 13997 | D:10     | Reached skill level 9 in Fighting
 14200 | D:11     | Slain by a bullfrog

Vault maps used:
D:1:      dpeg_arrival_connections, minmay_pentomino_s4
D:2:      grunt_ministairs_9, minmay_misc_feat_nine_boxes,
          minmay_strange_pillars
D:3:      kiku_gazebo_pond_becter, nicolae_tso_swordbearing_angel, first_ration
D:4:      lemuel_round_altar, minmay_temple_entry_slanted, serial_shops,
          shop_coins, shop, nicolae_shop_stone, shop, shop
D:5:      minmay_misc_feat_alley, chequers_mini_garden
D:6:      chequers_temple_overflow_minitemple, evilmike_ruin_ashenzari,
          uniq_menkaure, uniq_blork_the_orc
D:7:      grunt_gozag_breadcrumbs
D:8:      lair_entry_dummy
D:9:      serial_shops, nicolae_shop_crystal
D:10:     serial_shops, nicolae_shop_statue_plus, shop, shop, shop,
          nicolae_shop_overgrown_old_shop, hangedman_fish_farm, uniq_harold
D:11:     lemuel_flame_loot_1
Temple:   eino_narrow_crystal_temple

Skill      XL: |  1  2  3  4  5  6  7  8  9 10 11 |
---------------+----------------------------------+-----
Stealth        | 2 3 4 |  4.0
Poison Magic   | 1 2 3 |  3.0
Transmutations | 3 4 6 7 8 |  8.1
Fighting       | 2 3 4 5 7 8 9 |  9.0
Short Blades   | 1 2 3 4 |  4.1
Shields        | 1 2 3 4 |  4.0
Ice Magic      | 2 4 5 |  5.6
Spellcasting   | 3 5 |  5.7
Dodging        | 4 5 |  5.2
Unarmed Combat | 4 |  4.5

Action                   |  1- 3 |  4- 6 |  7- 9 | 10-12 || total
-------------------------+-------+-------+-------+-------++-------
Melee: Unarmed           |    67 |    59 |       |     3 ||   129
       Constrict         |    21 |    29 |    30 |    46 ||   126
       Tentacles         |    11 |    22 |    36 |    29 ||    98
       Punch             |     1 |     5 |     5 |     5 ||    16
       Kick              |     1 |     1 |     6 |       ||     8
       Dagger            |       |    86 |    66 |     8 ||   160
       Short sword       |       |       |    40 |       ||    40
       Whip              |       |       |    97 |   230 ||   327
Throw: Stone             |     1 |       |     2 |       ||     3
       Tomahawk          |       |       |     1 |       ||     1
 Cast: Beastly Appendage |     1 |     2 |     1 |       ||     4
       Sticks to Snakes  |       |     2 |    15 |     1 ||    18
       Spider Form       |       |     1 |       |     1 ||     2
  Use: Potion            |       |     4 |     5 |       ||     9
       Scroll            |       |       |     6 |     1 ||     7
 Stab: Sleeping          |    11 |    11 |     9 |     9 ||    40
       Distracted        |       |     1 |       |       ||     1
  Eat: Chunk             |     2 |     9 |    10 |    15 ||    36
       Ration            |       |     1 |     1 |       ||     2
Armor: Skin              |    14 |     7 |     8 |    10 ||    39
Dodge: Dodged            |    47 |    71 |    97 |   118 ||   333
Block: Buckler           |       |    14 |    60 |    55 ||   129

Table legend:
 A = Non-vault XP
 B = Vault XP
 C = Vault XP percentage of total XP
 D = Non-vault monster count
 E = Vault monster count
 F = Vault count percentage of total count
                 A         B        C        D         E       F
            +---------+---------+-------+---------+---------+-------
      Total |   10419 |    1551 |  13.0 |     194 |       9 |   4.4
            +---------+---------+-------+---------+---------+-------
        D:1 |      32 |       8 |  20.0 |      18 |       4 |  18.2
        D:2 |      58 |       2 |   3.3 |      15 |       1 |   6.2
        D:3 |     225 |       0 |   0.0 |      24 |       0 |   0.0
        D:4 |     205 |       0 |   0.0 |       6 |       0 |   0.0
        D:5 |     261 |       0 |   0.0 |      11 |       0 |   0.0
        D:6 |    1009 |     262 |  20.6 |      25 |       2 |   7.4
        D:7 |    1407 |       0 |   0.0 |      19 |       0 |   0.0
        D:8 |    3298 |       0 |   0.0 |      40 |       0 |   0.0
        D:9 |    1645 |       0 |   0.0 |      21 |       0 |   0.0
       D:10 |    2279 |    1279 |  35.9 |      15 |       2 |  11.8
            +---------+---------+-------+---------+---------+-------
